 Dungeon Crawl Stone Soup version 0.19.5 (webtiles) character file.

231 Denreik the Cleaver (level 6, -3/78 HPs)
             Began as a Hill Orc Fighter on Mar 11, 2017.
             Was a Follower of Trog.
             Killed from afar by Duvessa (6 damage)
             ... with a wand of flame
             ... on level 4 of the Dungeon.
             The game lasted 00:10:40 (2695 turns).

Denreik the Cleaver (Hill Orc Fighter)              Turns: 2695, Time: 00:10:46

Health: -3/78      AC: 23    Str: 18 (21) XL:     6   Next: 3%
Magic:  15/15      EV:  2    Int:  6 (8)  God:    Trog [*.....]
Gold:   141        SH:  8    Dex:  8 (10) Spells: 0 memorised, 5 levels left

rFire  . . .     SeeInvis .     n - +0 war axe
rCold  . . .     Gourm    .     (armour currently unavailable)
rNeg   + + +     Faith    .     c - +0 shield
rPois  +         Spirit   .     (helmet currently unavailable)
rElec  .         Reflect  .     (cloak currently unavailable)
rCorr  .         Harm     .     (gloves currently unavailable)
MR     .....     NoTele   +     (boots currently unavailable)
Stlth  +.........               (no amulet)
                                (no ring)
                                y - ring of magical power

@: tree-form
A: rugged brown scales 1
a: Berserk, Burn Spellbooks, Renounce Religion


You were on level 4 of the Dungeon.
You worshipped Trog.
Trog was aware of your devotion.
You were not hungry.
You were a tree.
You visited 2 branches of the dungeon, and saw 5 of its levels.

You collected 141 gold pieces.

Inventory:

Hand Weapons
 a - a +0 war axe
 n - a +0 war axe (weapon)
 p - a +0 hand axe
 w - a +1 mace of holy wrath
Armour
 b - a +0 scale mail
 c - a +0 shield (worn)
 o - a +0 ring mail
 r - a +1 hat (melded)
 x - a +0 chain mail (melded)
Jewellery
 y - a ring of magical power (left branch)
Wands
 s - a wand of confusion (18/48)
Scrolls
 e - 2 scrolls of enchant armour {unknown}
 h - a scroll of enchant weapon {unknown}
 j - a scroll of random uselessness {unknown}
 m - 2 scrolls of recharging {unknown}
 q - 3 scrolls of identify {unknown}
 t - a scroll of fear {unknown}
Potions
 d - a potion of might
 k - 2 potions of invisibility
Comestibles
 f - 3 bread rations
 g - a slice of pizza
 z - 3 meat rations


   Skills:
 - Level 3.6 Fighting
 * Level 8.0 Axes
 - Level 3.2 Armour
 - Level 3.2 Shields


You had 5 spell levels left.
You didn't know any spells.

Dungeon Overview and Level Annotations

Branches:
Dungeon (4/15)             Temple (1/1) D:4

Altars:
Ashenzari
Cheibriados
Dithmenos
Elyvilon
Gozag
Kikubaaqudgha
Nemelex Xobeh
Qazlal
Ru
Sif Muna
Trog
Uskayaw
Vehumet
Xom
Yredelemnul
Zin
The Shining One

Annotations:
D:4 Dowan, Duvessa


Innate Abilities, Weirdness & Mutations

(You are partially covered in rugged brown scales. (AC +1, +3% HP))


Message History

There was something very wrong with that liquid.
You feel weakened.
You feel dopey.
You feel clumsy. You block the hound's attack. The hound bites you.
* * * LOW HITPOINT WARNING * * *
Dowan hits you but does no damage. Duvessa hits you with a short sword.
* * * LOW HITPOINT WARNING * * *
It was a potion of mutation.
You feel extremely strange.
Rugged brown scales grow over part of your body.
Your connection to magic feels subdued.
Your magic regains its normal vibrancy.
The hound bites you but does no damage. Duvessa hits you with a short sword.
* * * LOW HITPOINT WARNING * * *
Dowan hits you but does no damage.
It was a potion of lignification.
You turn into a tree.
Your +1 hat melds into your body.
Your +0 chain mail melds into your body.
Your roots penetrate the ground.
You block the hound's attack. Duvessa hits you but does no damage.
The hound bites you but does no damage.
Dowan mumbles some strange words.
Dowan blinks!
Duvessa zaps a wand.
The puff of flame hits you!
You die...

######## #♣e....#
#§h....# ......#
#......# .<.....#
#.....># .......#
#......#
.......########......#
#................e...#
#
##.....>..............#


eh. ......................#..... You could see Duvessa, Dowan and a hound.

Vanquished Creatures
  An orc priest (D:3)
  2 worker ants (D:4)
  7 adders
  3 worms
  3 dart slugs (D:1)
  2 leopard geckos
  2 orcs (D:3)
  6 ball pythons
  4 giant cockroaches
  13 hobgoblins
  4 jackals (D:3)
  6 kobolds
  2 quokkas (D:3)
  3 bats
  3 frilled lizards (D:3)
  7 goblins
  7 rats
75 creatures vanquished.

Notes
Turn   | Place    | Note
-------+----------+-------------------------------------------
     0 | D:1      | Denreik the Hill Orc Fighter began the quest for the Orb.
     0 | D:1      | Reached XP level 1. HP: 19/19 MP: 1/1
     3 | D:1      | Noticed an electric eel
     3 | D:1      | Noticed an electric eel
    37 | D:1      | Reached skill level 3 in Axes
   126 | D:1      | Reached XP level 2. HP: 18/26 MP: 2/2
   288 | D:1      | Reached skill level 4 in Axes
   367 | D:1      | Reached XP level 3. HP: 31/31 MP: 3/3
   707 | D:2      | Reached skill level 5 in Axes
   797 | D:2      | Reached XP level 4. HP: 32/39 MP: 4/4
  1283 | D:3      | Reached skill level 6 in Axes
  1328 | D:3      | Found a bloodstained altar of Trog.
  1332 | D:3      | Became a worshipper of Trog the Wrathful
  1682 | D:3      | Reached XP level 5. HP: 28/45 MP: 5/5
  1864 | D:3      | Reached skill level 7 in Axes
  2409 | D:4      | Found a staircase to the Ecumenical Temple.
  2416 | Temple   | Entered the Ecumenical Temple
  2600 | D:4      | Found a shimmering altar of Xom.
  2634 | D:4      | Reached * piety under Trog
  2634 | D:4      | Reached skill level 8 in Axes
  2634 | D:4      | Reached XP level 6. HP: 51/51 MP: 6/6
  2669 | D:4      | Noticed Dowan
  2670 | D:4      | Noticed Duvessa
  2694 | D:4      | Gained mutation: You are partially covered in rugged brown scales. (AC +1, +3% HP) [potion of mutation]
  2694 | D:4      | Gained mutation: Your spells are a little easier to cast, but a little less powerful. [potion of mutation]
  2694 | D:4      | Lost mutation: Your spells are a little easier to cast, but a little less powerful. [potion of mutation]
  2694 | D:4      | HP: 2/52 [Duvessa/short sword (1)]
  2695 | D:4      | Killed from afar by Duvessa

Skill      XL: |  1  2  3  4  5 |
---------------+----------------+-----
Axes           | 3 4 5 6 8 |  8.0
Fighting       | |  3.6
Armour         | |  3.2
Shields        | |  3.2

Action                   |  1- 3 |  4- 6 || total
-------------------------+-------+-------++-------
Melee: War axe           |    62 |   187 ||   249
  Use: Potion            |       |     5 ||     5
  Eat: Chunk             |       |     6 ||     6
Armor: Scale mail        |    32 |    42 ||    74
       Chain mail        |       |    45 ||    45
       Skin              |       |     2 ||     2
Dodge: Dodged            |    11 |    51 ||    62
Block: Shield            |    47 |    73 ||   120
